AoeStats
← nicolasbsl52

MegaRandom

510840405Analyzed
3v3 RM · 8h ago on Oct 2, 2026· 22m 22s· 6 players
Game mode
Random Map
Map size
Normal (6 player)
Population
200
Speed
Normal
Resources
Standard
Victory
Conquest
Starting age
Dark Age
Ending age
Imperial Age
RankedLock teamsTeams togetherTeam positionsShared explorationLock speedFull tech treeHidden civsTurbo modeCheats
Victory
Defeat
🇳🇱 Chinese · Netherlands
600
+13
🇨🇱 Sicilians · Chile
531
+16
🇬🇧 Britons · United Kingdom
528
+16
🇪🇸 Spanish · Spain
557
-16
🇨🇭 Romans · Switzerland
527
-15
🇹🇷 Bohemians · Türkiye
517
-14
nicolasbsl52
0:33 Loom
11:44 Feudal Age
20:39 Castle Age
zarter85
5:15 Loom
11:14 Feudal Age
11:41 Double-Bit Axe
11:41 Horse Collar
11:57 Gold Mining
12:46 Stone Mining
15:36 Wheelbarrow
19:54 Castle Age
19:29 Town Watch
20:55 Bow Saw
20:49 Heavy Plow
21:32 Stone Shaft Mining
21:37 Bloodlines
21:29 Husbandry
BobySlam⭕⃤
5:27 Loom
10:44 Feudal Age
14:34 Double-Bit Axe
17:03 Fletching
17:13 Padded Archer Armor
19:19 Castle Age
20:16 Crossbowman
Montys8th
4:03 Loom
13:57 Feudal Age
14:19 Man-at-Arms
15:17 Horse Collar
15:32 Double-Bit Axe
20:21 Castle Age
21:42 Caravan
22:20 Squires
leoestradaduran
4:40 Loom
10:33 Feudal Age
12:22 Wheelbarrow
11:33 Double-Bit Axe
11:30 Horse Collar
12:25 Town Watch
14:55 Gold Mining
18:38 Town Watch
19:58 Stone Mining
23:27 Castle Age
22:11 Bloodlines
Alfieri83
0:28 Loom
12:29 Feudal Age
15:19 Wheelbarrow
19:24 Castle Age
20:30 Hand Cart
Connection lost

Rejoining the realm…

Still unreachable

The connection could not be restored.

Session expired

The server has moved on; the page needs a fresh start.